 Dungeon Crawl Stone Soup version 0.23-a0-612-gcb482e9 (webtiles) character file.

28961 Firecrotchwizard the Grappler (level 13, -12/122 HPs)
             Began as a Ghoul Fighter on Dec 22, 2018.
             Was a High Priest of Makhleb.
             Mangled by an entropy weaver (17 damage)
             ... on level 5 of the Lair of Beasts.
             The game lasted 00:40:20 (14050 turns).

Firecrotchwizard the Grappler (Ghoul Fighter)      Turns: 14050, Time: 00:40:21

Health: -12/122    AC:  0    Str: 21    XL:     13   Next: 42%
Magic:  18/18      EV:  8    Int:  7    God:    Makhleb [*****.]
Gold:   959        SH: 11    Dex:  8    Spells: 12/12 levels left

rFire    . . .     SeeInvis .     - Unarmed
rCold    + . .     Gourm    .   b - +0 shield
rNeg     + + +     Faith    .   j - +0 plate armour
rPois    ∞         Spirit   .   (no helmet)
rElec    .         Reflect  .   F - +0 cloak
rCorr    +         Harm     .   (no gloves)
MR       .....                  y - +2 pair of boots
Stlth    ..........             D - amulet of regeneration {+regen, !d}
HPRegen  0.00/turn              J - +3 ring of evasion
MPRegen  0.16/turn              h - ring of resist corrosion

@: corroded, rotting
A: rotting body, claws 1, carnivore, cold resistance 1, negative energy
resistance 3, inhibited regeneration, torment resistance, unbreathing
a: Minor Destruction, Lesser Servant of Makhleb, Major Destruction, Greater
Servant of Makhleb, Renounce Religion


You were on level 5 of the Lair of Beasts.
You worshipped Makhleb.
Makhleb was extremely pleased with you.
You were not hungry.

You visited 3 branches of the dungeon, and saw 16 of its levels.

You collected 959 gold pieces.

Inventory:

Missiles
 C - 3 throwing nets {=f, !d}
Armour
 b - a +0 shield (worn)
 j - a +0 plate armour (worn)
   (You found it on level 3 of the Dungeon)
 o - a +0 pair of gloves
   (You found it on level 5 of the Lair of Beasts)
 y - a +2 pair of boots (worn)
   (You found it on level 2 of the Dungeon)
 F - a +0 cloak (worn)
   (You found it on level 6 of the Dungeon)
Jewellery
 e - an uncursed ring of see invisible {sInv, !d}
   (You found it on level 2 of the Dungeon)
 h - a ring of resist corrosion (right claw)
   (You found it on level 3 of the Dungeon)
 i - a +2 ring of strength
   (You found it on level 3 of the Dungeon)
 A - an uncursed ring of magical power {MP+9}
   (You found it on level 2 of the Dungeon)
 D - an amulet of regeneration (around neck) {+regen, !d}
   (You found it on level 10 of the Dungeon)
 J - a +3 ring of evasion (left claw)
   (You found it on level 3 of the Lair of Beasts)
Wands
 B - a wand of paralysis (7)
   (You found it on level 5 of the Lair of Beasts)
 E - a wand of polymorph (13)
   (You found it on level 5 of the Dungeon)
 H - a wand of enslavement (11)
   (You found it on level 9 of the Dungeon)
Scrolls
 a - 4 scrolls of fog
 f - 7 scrolls of remove curse
 g - 3 scrolls of enchant weapon
 l - 2 scrolls of identify
 n - a scroll of fear
 q - 3 scrolls of noise {!r}
 r - 9 scrolls of teleportation
 s - a scroll of blinking {!r}
 w - 3 scrolls of magic mapping {!r}
Potions
 m - 2 potions of heal wounds
 p - a potion of cancellation {unknown}
 t - 7 potions of flight
 u - a potion of agility
 v - 2 potions of magic
 x - 3 potions of haste
 z - 3 potions of brilliance
Miscellaneous
 I - a sack of spiders
Comestibles
 d - 28 rations
 k - 18 chunks of flesh {@w0}


   Skills:
 + Level 13.1 Fighting
 - Level 5.1 Armour
 + Level 10.5 Shields
 * Level 13.6 Unarmed Combat
 - Level 8.5 Invocations


You had 12 spell levels left.
You didn't know any spells.
Your spell library contained the following spells:

 Spells                   Type           Power        Failure   Level  Hunger
 Confusing Touch          Hex            #.....       100%        1    ##.....
 Magic Dart               Conj           #...         100%        1    ##.....
 Sandblast                Erth           #.....       100%        1    ##.....
 Sting                    Conj/Pois      #...         100%        1    ##.....
 Passwall                 Tmut/Erth      #.......     100%        2    ###....
 Poisonous Vapours        Pois/Air       #.....       100%        2    ###....
 Searing Ray              Conj           #.....       100%        2    ###....
 Sticks to Snakes         Tmut           #.......     100%        2    ###....
 Confuse                  Hex            #.......     100%        3    ####...
 Dazzling Spray           Conj/Hex       #.....       100%        3    ####...
 Gell's Gravitas          Tloc           #.........   100%        3    ####...
 Mephitic Cloud           Conj/Pois/Air  #.......     100%        3    ####...
 Stone Arrow              Conj/Erth      #.....       100%        3    ####...
 Force Lance              Conj/Tloc      #.......     100%        4    #####..
 Fulminant Prism          Conj/Hex       #.........   100%        4    #####..
 Iskenderun's Mystic Bla  Conj           #.......     100%        4    #####..
 Olgreb's Toxic Radiance  Pois           #.......     100%        4    #####..
 Petrify                  Tmut/Erth      #.......     100%        4    #####..
 Lee's Rapid Deconstruct  Erth           #.........   100%        5    ######.
 Metabolic Englaciation   Hex/Ice        #.........   100%        5    ######.
 Venom Bolt               Conj/Pois      #.........   100%        5    ######.
 Yara's Violent Unravell  Hex/Tmut       #.........   100%        5    ######.
 Beastly Appendage        Tmut           Unusable     N/A         1    N/A
 Spider Form              Tmut/Pois      Unusable     N/A         3    N/A
 Ice Form                 Ice/Tmut       Unusable     N/A         4    N/A
 Blade Hands              Tmut           Unusable     N/A         5    N/A

Dungeon Overview and Level Annotations

Branches:
Dungeon (10/15)            Temple (1/1) D:4            Lair (5/6) D:9
 Shoals (0/4) Lair:4        Snake (0/4) Lair:2
  Slime: Lair:5-6       Orc: D:9-12

Altars:
Dithmenos
Fedhas
Makhleb
Okawaru
Trog
Uskayaw
Vehumet
Wu Jian
Xom
Yredelemnul
The Shining One

Shops:
D:5 }

Annotations:
D:7 1 runed door


Innate Abilities, Weirdness & Mutations

Your body is rotting away.
You thrive on raw meat.
You are immune to poison.
You have sharp fingernails.
You are carnivorous and can eat meat at any time.
Your flesh is cold resistant. (rC+)
You are immune to negative energy. (rN+++)
You do not regenerate when monsters are visible.
You are immune to unholy pain and torment.
You can survive without breathing.


Message History

The soldier ant stings you.
You take 2 damage, and have 120/122 hp.
You closely miss the worker ant. You block the worker ant's attack. x2
The soldier ant stings you but does no damage.
Your plate armour prevents you from hitting the worker ant.
The worker ant bites you.
The worker ant bites you but does no damage.
The soldier ant stings you but does no damage.
You take 2 damage, and have 118/122 hp.
You claw the worker ant! The worker ant bites you. x2
You take 8 damage, and have 110/122 hp.
You claw the worker ant!
You kill the worker ant!
Makhleb accepts your kill.
You feel better. The soldier ant stings you.
The worker ant bites you but does no damage.
You regained 2 hp, and now have 112/122 hp.
You mangle the worker ant!!
You kill the worker ant!
Makhleb accepts your kill. The soldier ant closely misses you.
Your plate armour prevents you from hitting the soldier ant.
The soldier ant stings you but does no damage.
Your shield and plate armour prevent you from hitting the soldier ant.
An entropy weaver comes into view.
You block the soldier ant's attack.
You mangle the soldier ant!!
The entropy weaver gestures wildly while chanting.
The entropic weave corrodes you!
You scratch the soldier ant but do no damage.
The soldier ant stings you!
You take 8 damage, and have 104/122 hp.
You scratch the soldier ant but do no damage.
You block the soldier ant's attack.
You're wearing all the rings you can.
Remove which one? (? for menu, Esc to You remove your ring of see invisible {sInv, !d}.
The entropy weaver gestures wildly while chanting.
The entropic weave corrodes you!
h - a ring of resist corrosion (right claw)
You block the soldier ant's attack.
Unknown command.
You scratch the soldier ant.
The entropy weaver gestures wildly while chanting.
The entropic weave corrodes you! You block the soldier ant's attack.
You scratch the soldier ant but do no damage.
You scratch the soldier ant but do no damage.
The soldier ant stings you but does no damage.
You scratch the soldier ant but do no damage.
The entropy weaver throws a stone.
The stone barely misses you. The soldier ant barely misses you.
You scratch the soldier ant but do no damage.
The entropy weaver throws a stone.
The stone hits you.
The soldier ant stings you but does no damage.
You take 6 damage, and have 98/122 hp.
You scratch the soldier ant.
You kill the soldier ant!
Makhleb accepts your kill.
You feel better.
The entropy weaver throws a stone.
The stone completely misses you.
You regained 7 hp, and now have 105/122 hp.
The entropy weaver mumbles some strange words.
You see here a worker ant corpse.
You block the entropy weaver's attack.
The entropy weaver hits you but does no damage.
The entropy weaver barely misses you. The entropy weaver hits you!
You take 8 damage, and have 97/122 hp.
Your plate armour prevents you from hitting the entropy weaver.
You closely miss the entropy weaver. The entropy weaver hits you! x2
The entropy weaver hits you. You block the entropy weaver's attack.
You take 26 damage, and have 71/122 hp.
MASSIVE DAMAGE!!
You closely miss the entropy weaver. You block the entropy weaver's attack.
The entropy weaver hits you! The entropy weaver hits you.
The entropy weaver hits you but does no damage.
You take 17 damage, and have 54/122 hp.
You claw the entropy weaver! The entropy weaver hits you.
The entropy weaver barely misses you. The entropy weaver hits you!
The entropy weaver hits you.
* * * LOW HITPOINT WARNING * * *
You take 20 damage, and have 34/122 hp.
You completely miss the entropy weaver. You block the entropy weaver's attack.
The entropy weaver hits you.
* * * LOW HITPOINT WARNING * * *
You block the entropy weaver's attack. The entropy weaver hits you.
* * * LOW HITPOINT WARNING * * *
You take 7 damage, and have 27/122 hp.
Unknown command.
Aim: an entropy weaver (lightly wounded)
The burst of metal fragments hits the entropy weaver. x4
The now-empty wand crumbles to dust.
The entropy weaver mumbles some strange words.
The entropic weave corrodes you!
Okay, then.
A demon appears!
You block the entropy weaver's attack. The entropy weaver hits you.
* * * LOW HITPOINT WARNING * * *
The entropy weaver hits you!
* * * LOW HITPOINT WARNING * * *
The entropy weaver hits you!
You die...

<.≈≈≈≈......# ##......##..PP# #.
.≈≈≈≈≈....#.# #.....## #...# ##
≈≈≈≈≈....#########....## #...####
≈≈≈≈...P.## ##(#.....#.# #.#..##.
≈≈≈.≈..P#.###.........#####......
≈.......####..........#..###.....
........##.............##.##..#.#
..#...#.#.......3a.....#.#...####
###P#...........@.......#.....#
###........†.†.......#.....##
####..........(†...........###
.##.#...................P###
.##.....................##
..###....P.(..........###
........P..............#
.........#...........P.#
......P..##......>....P


You could see an entropy weaver and a friendly neqoxec.

Vanquished Creatures
  Harold (D:10)
  2 hydras
  Erica (Lair:1)
  Pikel (D:8)
  6 elephants (Lair:5)
  Joseph (D:7)
  A gargoyle (D:10)
  6 spiny frogs
  4 komodo dragons
  A rime drake (Lair:3)
  7 polar bears
  12 blink frogs
  7 dream sheep (Lair:4)
  8 hippogriffs
  A spriggan (D:7)
  4 basilisks
  19 yaks
  4 nagas (Lair:2)
  12 soldier ants (Lair:5)
  4 porcupines
  7 water moccasins
  4 ice beasts
  A swamp drake (D:9)
  2 orc warriors
  5 black bears (Lair:3)
  6 ogres
  A phantom (D:9)
  17 wolves
  12 centaurs
  A necrophage (D:9)
  6 crocodiles
  2 big kobolds
  6 bullfrogs
  A wyvern zombie (D:8)
  5 scorpions
  5 wights (D:10)
  2 vampire bats (Lair:5)
  5 howler monkeys
  2 bullfrog zombies
  2 crimson imps (D:10)
  A centaur zombie (D:2)
  5 hounds
  A jelly (D:9)
  4 bullfrog skeletons
  7 orc priests
  10 orc wizards
  A gnoll shaman (D:5)
  5 iguanas
  15 worker ants
  A hound zombie (D:5)
  A worker ant zombie (D:8)
  8 adders
  3 gnolls (D:5)
  A shadow imp (D:9)
  3 oozes
  An adder skeleton (D:2)
  2 dart slugs
  5 leopard geckos
  28 orcs
  4 giant cockroaches
  11 goblins
  8 hobgoblins
  15 jackals
  6 quokkas
  2 ball pythons
  A ball python skeleton (D:5)
  11 bats
  5 frilled lizards
  3 jackal skeletons
  8 kobolds
  A quokka skeleton (D:4)
  3 rats
374 creatures vanquished.

Vanquished Creatures (others)
  3 slaves (D:8)
  A centaur (D:8)
  A water moccasin skeleton (D:8)
  A crimson imp (D:8)
  3 kobolds (D:8)
  2 fungi (Lair:5)
  4 plants
15 creatures vanquished.

Grand Total: 389 creatures vanquished

Notes
Turn   | Place    | Note
-------+----------+-------------------------------------------
     0 | D:1      | Firecrotchwizard the Ghoul Fighter began the quest for the
                  | Orb.
     0 | D:1      | Reached XP level 1. HP: 19/19 MP: 0/0
   191 | D:1      | Reached XP level 2. HP: 26/26 MP: 1/1
   767 | D:2      | HP: 6/26 [centaur zombie (5)]
   769 | D:2      | Reached skill level 3 in Shields
   769 | D:2      | Reached skill level 3 in Unarmed Combat
   769 | D:2      | Reached XP level 3. HP: 8/33 MP: 2/2
  1092 | D:2      | Reached XP level 4. HP: 18/40 MP: 3/3
  1343 | D:2      | Reached skill level 4 in Fighting
  1894 | D:3      | Reached skill level 4 in Unarmed Combat
  1929 | D:3      | Reached XP level 5. HP: 41/46 MP: 4/4
  2332 | D:3      | Reached XP level 6. HP: 43/53 MP: 5/5
  2390 | D:3      | Reached skill level 5 in Unarmed Combat
  2578 | D:3      | Reached skill level 4 in Shields
  2901 | D:4      | Reached skill level 5 in Fighting
  2918 | D:4      | Reached skill level 3 in Armour
  2918 | D:4      | Reached XP level 7. HP: 61/61 MP: 6/6
  2995 | D:4      | Found a staircase to the Ecumenical Temple.
  3047 | Temple   | Entered the Ecumenical Temple
  3070 | Temple   | Became a worshipper of Makhleb the Destroyer
  3186 | D:4      | Reached skill level 6 in Unarmed Combat
  3664 | D:5      | Entered Level 5 of the Dungeon
  3736 | D:5      | Found Ynibbiel's Gadget Emporium.
  4037 | D:5      | Reached skill level 7 in Unarmed Combat
  4037 | D:5      | Reached XP level 8. HP: 70/70 MP: 7/7
  4043 | D:5      | Reached * piety under Makhleb
  4256 | D:5      | HP: 16/70 [ogre/+0 giant club (11)]
  4257 | D:5      | Reached skill level 6 in Fighting
  4257 | D:5      | Reached skill level 4 in Armour
  4983 | D:6      | Found a shadowy altar of Dithmenos.
  5107 | D:6      | Reached skill level 8 in Unarmed Combat
  5615 | D:7      | Noticed Joseph
  5631 | D:7      | Killed Joseph
  5631 | D:7      | Reached XP level 9. HP: 37/78 MP: 8/8
  5868 | D:7      | Reached skill level 7 in Fighting
  5868 | D:7      | Reached skill level 5 in Armour
  5868 | D:7      | Reached skill level 9 in Unarmed Combat
  5869 | D:7      | Found a blossoming altar of Fedhas.
  5887 | D:7      | Found an iron altar of Okawaru.
  6329 | D:7      | Found a runed door.
  6329 | D:7      | Found a glowing golden altar of the Shining One.
  6329 | D:7      | Noticed an angel
  6542 | D:8      | Noticed Pikel
  6584 | D:8      | Killed Pikel
  6584 | D:8      | Reached skill level 10 in Unarmed Combat
  6592 | D:8      | Reached ** piety under Makhleb
  6592 | D:8      | Reached skill level 8 in Fighting
  6592 | D:8      | Reached skill level 5 in Shields
  6739 | D:8      | Reached XP level 10. HP: 87/88 MP: 9/9
  7063 | D:8      | Reached skill level 11 in Unarmed Combat
  7270 | D:8      | You fall through a shaft for 2 floors!
  7270 | D:10     | Entered Level 10 of the Dungeon
  7283 | D:10     | Reached skill level 1 in Invocations
  7407 | D:10     | Reached skill level 2 in Invocations
  7461 | D:10     | Noticed Harold
  7476 | D:10     | Killed Harold
  7476 | D:10     | Reached skill level 9 in Fighting
  7476 | D:10     | Reached skill level 6 in Shields
  7476 | D:10     | Reached skill level 3 in Invocations
  7626 | D:10     | Reached *** piety under Makhleb
  7768 | D:10     | Noticed a gargoyle
  7835 | D:9      | Reached skill level 4 in Invocations
  7896 | D:10     | Reached skill level 7 in Shields
  7909 | D:10     | Reached XP level 11. HP: 40/99 MP: 13/13
  7917 | D:10     | Reached skill level 10 in Fighting
  7918 | D:10     | Reached skill level 5 in Invocations
  8591 | D:9      | Reached **** piety under Makhleb
  8626 | D:9      | Found a staircase to the Lair.
  8804 | D:10     | Reached skill level 6 in Invocations
  9018 | Lair:1   | Entered Level 1 of the Lair of Beasts
  9160 | Lair:1   | Noticed an eight-headed hydra
  9168 | Lair:1   | Reached skill level 8 in Shields
  9171 | Lair:1   | Killed an eight-headed hydra
  9178 | Lair:1   | Reached skill level 11 in Fighting
  9209 | Lair:1   | Reached skill level 7 in Invocations
  9360 | Lair:1   | Found a radiant altar of Vehumet.
  9458 | Lair:1   | HP: 24/102 [yak (8)]
  9462 | Lair:1   | HP: 11/102 [yak (6)]
  9467 | Lair:1   | HP: 24/102 [centaur/arrow (1)]
  9607 | Lair:1   | Noticed Erica
  9615 | Lair:1   | Killed Erica
  9692 | Lair:1   | Reached XP level 12. HP: 110/110 MP: 16/16
 10059 | Lair:2   | Reached skill level 8 in Invocations
 10187 | Lair:2   | Reached skill level 9 in Shields
 10200 | Lair:2   | Found a staircase to the Snake Pit.
 10365 | Lair:2   | Reached ***** piety under Makhleb
 10631 | Lair:2   | Noticed a five-headed hydra
 10638 | Lair:2   | Killed a five-headed hydra
 10668 | Lair:2   | Reached skill level 12 in Fighting
 11635 | Lair:3   | Reached skill level 12 in Unarmed Combat
 12246 | Lair:4   | Found a staircase to the Shoals.
 12622 | Lair:4   | Reached skill level 10 in Shields
 12668 | Lair:4   | Reached XP level 13. HP: 115/119 MP: 18/18
 12940 | Lair:4   | Reached skill level 13 in Unarmed Combat
 13781 | Lair:5   | Reached skill level 13 in Fighting
 14030 | Lair:5   | Noticed an entropy weaver
 14048 | Lair:5   | HP: 28/122 [entropy weaver (6)]
 14050 | Lair:5   | HP: 5/122 [entropy weaver (16)]
 14050 | Lair:5   | Mangled by an entropy weaver

Vault maps used:
D:1:      sevenhm_arrival_forest_fort_small_6, minmay_tromino_v2
D:2:      minmay_crystal_room
D:3:      first_ration
D:4:      minmay_temple_entry_overgrown
D:5:      minmay_clustersquares, serial_shops, shop_statue
D:6:      basic_altar
D:7:      minitemple, the_bakery, lemuel_angel_altar, uniq_joseph
D:8:      minmay_fractal_squares_diagonal_5, uniq_pikel
D:9:      erik_lair_dragon, serial_column_ruins, column_ruins_open_small_water,
          column_ruins_corridor_dead_end, column_ruins_open_large,
          column_ruins_open_small
D:10:     uniq_harold
Temple:   regret_index_temple_chain_breaker
Lair:1:   lemuel_centaur_altar, lemuel_fruit_tree, uniq_erica
Lair:2:   guppyfry_snake_entry_island, minmay_hedge_maze
Lair:3:   beast_lair_carwin_large_3
Lair:4:   minmay_shoals_entry_centaurs, nicolae_lair_grove_arrangements,
          grunt_megastairs_2
Lair:5:   roderic_batcave, zaba_antful_of_joy, infiniplex_staircase_pool_2

Skill      XL: |  1  2  3  4  5  6  7  8  9 10 11 12 13 |
---------------+----------------------------------------+-----
Shields        | 3 4 5 7 8 10 | 10.5
Unarmed Combat | 3 4 5 7 8 10 11 12 13 | 13.6
Fighting       | 4 5 6 8 9 11 12 13 | 13.1
Armour         | 3 4 5 |  5.1
Invocations    | 4 7 8 |  8.5

Action                   |  1- 3 |  4- 6 |  7- 9 | 10-12 | 13-15 || total
-------------------------+-------+-------+-------+-------+-------++-------
Melee: Unarmed           |    88 |   246 |   374 |   841 |   257 ||  1806
Invok: Minor Destruction |       |       |       |    13 |       ||    13
       Lesser Servant of |       |       |       |     1 |     1 ||     2
       Major Destruction |       |       |       |     2 |       ||     2
Evoke: Wand              |       |       |     2 |     7 |     1 ||    10
  Use: Scroll            |       |     2 |    13 |     4 |     7 ||    26
       Potion            |       |       |     1 |     3 |       ||     4
 Stab: Distracted        |       |       |     1 |       |       ||     1
       Confused          |       |       |       |     2 |       ||     2
  Eat: Chunk             |     8 |    12 |    19 |    61 |     5 ||   105
Armor: Scale mail        |     4 |       |       |       |       ||     4
       Chain mail        |    58 |    84 |       |       |       ||   142
       Plate armour      |       |    54 |   162 |   460 |   147 ||   823
Dodge: Dodged            |    10 |    52 |    48 |   189 |    83 ||   382
Block: Shield            |    47 |    98 |   170 |   507 |   174 ||   996

Table legend:
 A = Non-vault XP
 B = Vault XP
 C = Vault XP percentage of total XP
 D = Non-vault monster count
 E = Vault monster count
 F = Vault count percentage of total count
                 A         B        C        D         E       F
            +---------+---------+-------+---------+---------+-------
      Total |   30726 |   10648 |  25.7 |     309 |      66 |  17.6
            +---------+---------+-------+---------+---------+-------
        D:1 |      15 |       4 |  21.1 |       9 |       2 |  18.2
        D:2 |     127 |       0 |   0.0 |      28 |       0 |   0.0
        D:3 |     399 |       0 |   0.0 |      32 |       0 |   0.0
        D:4 |     247 |       0 |   0.0 |      18 |       0 |   0.0
        D:5 |     516 |     220 |  29.9 |      23 |       5 |  17.9
        D:6 |     434 |       0 |   0.0 |      12 |       0 |   0.0
        D:7 |     488 |     663 |  57.6 |      10 |       2 |  16.7
        D:8 |    1301 |    1058 |  44.8 |      23 |       8 |  25.8
        D:9 |    1805 |     977 |  35.1 |      29 |       5 |  14.7
       D:10 |    2939 |    1018 |  25.7 |      33 |       1 |   2.9
     Lair:1 |    5379 |    1387 |  20.5 |      26 |       5 |  16.1
     Lair:2 |    3192 |     652 |  17.0 |      14 |       4 |  22.2
     Lair:3 |    4071 |    1770 |  30.3 |      15 |       9 |  37.5
     Lair:4 |    5324 |     833 |  13.5 |      23 |       5 |  17.9
     Lair:5 |    4489 |    2066 |  31.5 |      14 |      20 |  58.8
            +---------+---------+-------+---------+---------+-------

Vault maps used:
D:1:      sevenhm_arrival_forest_fort_small_6, minmay_tromino_v2
D:2:      minmay_crystal_room
D:3:      first_ration
D:4:      minmay_temple_entry_overgrown
D:5:      minmay_clustersquares, serial_shops, shop_statue
D:6:      basic_altar
D:7:      minitemple, the_bakery, lemuel_angel_altar, uniq_joseph
D:8:      minmay_fractal_squares_diagonal_5, uniq_pikel
D:9:      erik_lair_dragon, serial_column_ruins, column_ruins_open_small_water,
          column_ruins_corridor_dead_end, column_ruins_open_large,
          column_ruins_open_small
D:10:     uniq_harold
Temple:   regret_index_temple_chain_breaker
Lair:1:   lemuel_centaur_altar, lemuel_fruit_tree, uniq_erica
Lair:2:   guppyfry_snake_entry_island, minmay_hedge_maze
Lair:3:   beast_lair_carwin_large_3
Lair:4:   minmay_shoals_entry_centaurs, nicolae_lair_grove_arrangements,
          grunt_megastairs_2
Lair:5:   roderic_batcave, zaba_antful_of_joy, infiniplex_staircase_pool_2

Table legend:
 A = Turns spent in this place as a percentage of turns spent in the entire game.
 B = Non-inter-level travel turns spent in this place as a percentage of non-inter-level travel turns spent in the entire game.
 C = Inter-level travel turns spent in this place as a percentage of turns spent in this place.
 D = Turns resting spent in this place as a percentage of non-inter-level travel turns spent in this place.
 E = Turns spent auto-exploring this place as a percentage of non-inter-level travel turns spent in this place.
 F = Non-inter-level travel turns spent in this place divided by the number of levels of this place that you've seen.
                   A       B       C       D       E      F
               +-------+-------+-------+-------+-------+----------------------
         Total | 100.0 | 100.0 |   3.6 |  14.5 |  61.1 | 846.4
       Dungeon |  63.9 |  63.2 |   4.7 |  19.3 |  56.2 | 855.9
        Temple |   0.2 |   0.2 |  29.4 |   0.0 |  58.3 |  24.0
          Lair |  35.8 |  36.6 |   1.5 |   6.2 |  69.6 | 991.8
               +-------+-------+-------+-------+-------+----------------------

Table legend:
 A = Kills in this place as a percentage of kills in entire the game.
 B = Kills by you in this place as a percentage of kills by you in the entire game.
 C = Kills by friends in this place as a percentage of kills by friends in the entire game.
 D = Other kills in this place as a percentage of other kills in the entire game.
 E = Experience gained in this place as a percentage of experience gained in the entire game.
 F = Experience gained in this place divided by the number of levels of this place that you have seen.
                   A       B       C       D       E      F
               +-------+-------+-------+-------+-------+----------------------
         Total | 100.0 | 100.0 |   N/A | 100.0 | 100.0 | 2585.9
       Dungeon |  64.0 |  63.9 |   N/A | 100.0 |  29.5 | 1221.1
          Lair |  36.0 |  36.1 |   N/A |   0.0 |  70.5 | 5832.6
               +-------+-------+-------+-------+-------+----------------------
